 Dungeon Crawl Stone Soup version 0.31.0-11-ge490571c62 (webtiles) character file.

Game seed: 3658049117456902228

1572 qw the Skirmisher (level 8, -4/41 HPs)
             Began as a Deep Elf Hunter on Feb 3, 2024.
             Was a Follower of Okawaru.
             Slain by a wight
             ... wielding a +0 battleaxe
              (11 damage)
             ... on level 6 of the Dungeon.
             The game lasted 00:00:22 (4825 turns).

qw the Skirmisher (Deep Elf Hunter)                 Turns: 4825, Time: 00:00:23

Health: -4/41      AC:  7    Str: 13    XL:     8   Next: 59%
Magic:  10/10      EV: 15    Int: 15    God:    Okawaru [*.....]
Gold:   234        SH:  0    Dex: 18    Spells: 7/7 levels left

rFire   + . .        a - +1 shortbow
rCold   . . .        (shield currently unavailable)
rNeg    . . .        i - +1 robe "Huggeydago" {rPois Str+3}
rPois   +            (no helmet)
rElec   .            (no cloak)
rCorr   .            (no gloves)
SInv    .            (no boots)
Will    .....        (no amulet)
Stlth   ++           d - +4 ring of protection
HPRegen 0.00/turn    g - ring of protection from fire
MPRegen 0.12/turn

%: clarity
@: inhibited regen
A: clarity, frail 1, inhibited regeneration
a: Renounce Religion, Heroism


You were on level 6 of the Dungeon.
You worshipped Okawaru.
Okawaru was aware of your devotion.
You visited 2 branches of the dungeon, and saw 7 of its levels.

You collected 234 gold pieces.


Innate Abilities, Weirdness & Mutations

You possess an exceptional clarity of mind.
You are frail. (-10% HP)
You do not regenerate when monsters are visible.


   Skills:
 - Level 3.2 Fighting
 + Level 13.3 Ranged Weapons
 - Level 5.1 Dodging
 - Level 1.2 Stealth
 + Level 0.0 Invocations


You had 7 spell levels left.
You didn't know any spells.
Your spell library was empty.

Inventory:

Hand Weapons
 a - a +1 shortbow (weapon)
Armour
 e - a +0 ring mail
 i - the +1 robe "Huggeydago" (worn) {rPois Str+3}
   (You found it on level 3 of the Dungeon)

   Str+3:     It affects your strength (+3).
   rPois:     It protects you from poison
Jewellery
 d - a +4 ring of protection (left hand)
 g - a ring of protection from fire (right hand)
Wands
 c - a wand of flame (10)
 j - a wand of roots (5)
 l - a wand of charming (9)
Scrolls
 m - a scroll of identify
Potions
 b - a potion of enlightenment {unknown}
 f - a potion of resistance {unknown}
 h - 3 potions of curing
 k - a potion of cancellation {unknown}
 n - a potion of magic {unknown}

Dungeon Overview and Level Annotations

Branches:
Dungeon (6/15)             Temple (1/1) D:5

Altars:
Cheibriados
Elyvilon
Fedhas
Kikubaaqudgha
Makhleb
Nemelex Xobeh
Okawaru
Qazlal
Ru
Trog
Uskayaw
Xom
Yredelemnul
The Shining One

Annotations:
D:5 1 runed translucent door, Crazy Yiuf


Message History

You shoot an arrow. The arrow closely misses the scorpion.
The scorpion closely misses you.
You shoot an arrow. The arrow barely misses the scorpion.
The scorpion stings you.
You shoot an arrow. The arrow barely misses the scorpion.
The scorpion misses you.
You shoot an arrow.
The arrow hits the scorpion but does no damage.
The scorpion is severely wounded.
The scorpion stings you.
You shoot an arrow. The arrow closely misses the scorpion.
The scorpion misses you.
You shoot an arrow. The arrow hits the scorpion.
The scorpion is almost dead.
The scorpion closely misses you.
You shoot an arrow.
The arrow completely misses the scorpion.
You shoot an arrow. The arrow hits the scorpion.
The scorpion is almost dead.
The scorpion stings you.
You shoot an arrow. The arrow closely misses the scorpion.
The scorpion barely misses you.
You shoot an arrow. The arrow hits the scorpion.
You kill the scorpion!
Okawaru accepts your kill.
You can now gain great but temporary skills.
You shoot an arrow. The arrow completely misses the wight.
The wight hits you with a +0 battleaxe!
You shoot an arrow. The arrow barely misses the wight.
The wight hits you with a +0 battleaxe!
You shoot an arrow. The arrow barely misses the wight.
You shoot an arrow.
The arrow hits the wight but does no damage.
The wight is moderately damaged.
The wight misses you.
You shoot an arrow.
The arrow hits the wight but does no damage.
The wight is moderately damaged.
The wight hits you with a +0 battleaxe!
You die...

...#...#...#...#.#......#
####...#...#####.#.....%#
#...#...#...#.#...>.(#
....#.###.#.....#######'#
...###.
.###...####.....## ###.#
... #.###.#....z...# .#
.# #. #...#.zz....# .# #
#...#.%.....# .#
#..@#.......# ##
##.#zz.....## .
..###.###### .. .... ..#
..#... ..## . #####.# #.
.#


You could see 2 wights.

Vanquished Creatures
  Sigmund (D:3)
  2 water moccasins (D:5)
  A sky beast (D:5)
  3 black bears
  An ogre (D:5)
  A centaur (D:5)
  A kobold brigand (D:6)
  2 scorpions
  A bombardier beetle (D:4)
  4 hounds
  A gnoll bouda (D:4)
  2 iguanas
  Jessica (D:2)
  An orc wizard (D:5)
  9 adders
  5 gnolls (D:4)
  A white imp (D:5)
  2 ufetubi (D:5)
  3 dart slugs
  A ribbon worm (D:2)
  8 orcs
  3 bats
  4 endoplasms
  A giant cockroach (D:3)
  4 goblins
  6 hobgoblins
  2 jackals (D:1)
  5 quokkas
  8 ball pythons
  3 frilled lizards
  7 kobolds
  8 rats
102 creatures vanquished.

Notes
Turn   | Place    | Note
-------+----------+-------------------------------------------
     0 | D:1      | qw the Deep Elf Hunter began the quest for the Orb.
     0 | D:1      | Reached XP level 1. HP: 12/12 MP: 3/3
     0 | D:1      | 0 ||| qw: Version: 0.3-a-157-g843a77d
     0 | D:1      | 0 ||| qw: Game counter: 3673
     0 | D:1      | 0 ||| qw: Melee chars always use a shield: true
     0 | D:1      | 0 ||| qw: God list: Okawaru
     0 | D:1      | 0 ||| qw: Allow faded altars: false
     0 | D:1      | 0 ||| qw: Do Orc after clearing Dungeon:15 true
     0 | D:1      | 0 ||| qw: Do second Lair branch before Depths: true
     0 | D:1      | 0 ||| qw: Lair rune preference: random
     0 | D:1      | 0 ||| qw: Goals: Normal
     0 | D:1      | 0 ||| PLANNING D:1-11
   216 | D:1      | Reached skill level 6 in Ranged Weapons
   216 | D:1      | Reached XP level 2. HP: 12/16 MP: 4/4
   700 | D:1      | 700 ||| UPGRADING to +4 ring of protection.
   701 | D:1      | 701 ||| UPGRADING to ring of protection from fire.
   702 | D:1      | 702 ||| READING scroll labelled PYSSOI IMUXOR.
   702 | D:1      | 702 ||| IDENTIFYING dark potion
   703 | D:1      | 703 ||| DRINKING 3 smoky blue potions.
   704 | D:1      | 704 ||| DROPPING scroll of butterflies.
   705 | D:1      | 705 ||| DROPPING 2 potions of attraction.
   880 | D:2      | Found a stormy altar of Qazlal.
   933 | D:2      | Reached XP level 3. HP: 17/20 MP: 5/5
  1202 | D:2      | Reached skill level 7 in Ranged Weapons
  1295 | D:2      | Noticed Jessica
  1300 | D:2      | Killed Jessica
  1301 | D:2      | Reached XP level 4. HP: 9/25 MP: 6/6
  1304 | D:2      | HP: 6/25 [hobgoblin/staff of alchemy (4)]
  1705 | D:2      | Found a faded altar of an unknown god.
  1722 | D:2      | 1722 ||| UPGRADING to +0 scale mail.
  1732 | D:2      | 1732 ||| DROPPING +0 leather armour.
  1733 | D:2      | 1733 ||| UPGRADING to +0 ring mail.
  1743 | D:2      | 1743 ||| DROPPING +0 scale mail.
  1744 | D:2      | 1744 ||| READING scroll of identify.
  1744 | D:2      | 1744 ||| IDENTIFYING murky coppery potion
  1745 | D:2      | 1745 ||| DRINKING 2 fuming ruby potions.
  1746 | D:2      | 1746 ||| DRINKING bubbling dark potion.
  1746 | D:2      | Gained mutation: Armour fits poorly on your strangely
                  | shaped body. [potion of mutation]
  1746 | D:2      | Gained mutation: You are occasionally teleported next to
                  | monsters. [potion of mutation]
  1746 | D:2      | Gained mutation: You have large cloven feet. [potion of
                  | mutation]
  1748 | D:2      | 1748 ||| DROPPING potion of lignification.
  1749 | D:2      | 1749 ||| DROPPING potion of ambrosia.
  1782 | D:3      | Found a sparkling altar of Nemelex Xobeh.
  1891 | D:3      | Reached skill level 8 in Ranged Weapons
  2010 | D:3      | Identified the +1 robe "Huggeydago" {rPois Str+3}
  2012 | D:3      | Noticed Sigmund
  2013 | D:3      | 2013 ||| DRINKING potion of haste.
  2014 | D:3      | 2014 ||| DRINKING glowing black potion.
  2025 | D:3      | Killed Sigmund
  2026 | D:3      | Reached skill level 9 in Ranged Weapons
  2026 | D:3      | Reached XP level 5. HP: 29/29 MP: 7/7
  2026 | D:3      | Reached XP level 6. HP: 34/34 MP: 8/8
  2231 | D:3      | 2231 ||| UPGRADING to +1 robe "Huggeydago" {rPois Str+3}.
  2241 | D:3      | 2241 ||| READING 2 scrolls of identify.
  2241 | D:3      | 2241 ||| IDENTIFYING scroll labelled JONWOPLALID
  2242 | D:3      | 2242 ||| DROPPING scroll of fog.
  2328 | D:4      | Reached skill level 3 in Dodging
  2434 | D:4      | Reached skill level 10 in Ranged Weapons
  2648 | D:4      | Reached XP level 7. HP: 30/40 MP: 9/9
  3197 | D:4      | 3197 ||| READING 2 scrolls of identify.
  3197 | D:4      | 3197 ||| IDENTIFYING scroll labelled APTIKH MEWN
  3198 | D:4      | 3198 ||| READING scroll of enchant weapon.
  3198 | D:4      | 3198 ||| ENCHANTING +0 shortbow.
  3199 | D:4      | 3199 ||| READING scroll of identify.
  3199 | D:4      | 3199 ||| IDENTIFYING scroll labelled XEFUIRY POQARA
  3200 | D:4      | 3200 ||| DROPPING scroll of revelation.
  3211 | D:5      | Entered Level 5 of the Dungeon
  3368 | D:5      | Found a stormy altar of Qazlal.
  3514 | D:5      | 3514 ||| DRINKING 2 potions of mutation.
  3514 | D:5      | Lost mutation: Armour fits poorly on your strangely shaped
                  | body. [potion of mutation]
  3514 | D:5      | Lost mutation: You have large cloven feet. [potion of
                  | mutation]
  3514 | D:5      | Gained mutation: You are dopey. (Int -2) [potion of
                  | mutation]
  3515 | D:5      | 3515 ||| DRINKING potion of mutation.
  3515 | D:5      | Lost mutation: You are occasionally teleported next to
                  | monsters. [potion of mutation]
  3515 | D:5      | Lost mutation: You are dopey. (Int -2) [potion of mutation]
  3515 | D:5      | Gained mutation: You possess an exceptional clarity of
                  | mind. [potion of mutation]
  3515 | D:5      | Gained mutation: You are frail. (-10% HP) [potion of
                  | mutation]
  3515 | D:5      | Gained mutation: You do not regenerate when monsters are
                  | visible. [potion of mutation]
  3520 | D:5      | Found a staircase to the Ecumenical Temple.
  3521 | D:5      | 3521 ||| PLANNING TEMPLE
  3535 | D:5      | Reached skill level 11 in Ranged Weapons
  3559 | D:5      | HP: 7/36 [water moccasin (4)]
  3684 | Temple   | Entered the Ecumenical Temple
  3685 | Temple   | 3685 ||| PLANNING OKAWARU WORSHIP
  3691 | Temple   | Became a worshipper of Warmaster Okawaru
  3692 | Temple   | 3692 ||| PLANNING D:1-11
  3718 | D:5      | Found a runed translucent door.
  3719 | D:5      | Noticed Crazy Yiuf
  3766 | D:5      | Reached skill level 12 in Ranged Weapons
  3778 | D:5      | HP: 7/36 [centaur/arrow (6)]
  3782 | D:5      | Reached XP level 8. HP: 9/40 MP: 10/10
  3985 | D:5      | Reached skill level 3 in Fighting
  4440 | D:5      | 4440 ||| READING scroll labelled LOXEAK GIOFAGA.
  4777 | D:6      | Reached skill level 13 in Ranged Weapons
  4786 | D:6      | 4786 ||| RETREEEEATING.
  4787 | D:6      | 4787 ||| RETREEEEATING.
  4788 | D:6      | 4788 ||| RETREEEEATING.
  4789 | D:6      | 4789 ||| RETREEEEATING.
  4790 | D:6      | 4790 ||| RETREEEEATING.
  4791 | D:6      | 4791 ||| RETREEEEATING.
  4795 | D:6      | 4795 ||| RETREEEEATING.
  4799 | D:6      | 4799 ||| RETREEEEATING.
  4801 | D:6      | 4801 ||| RETREEEEATING.
  4802 | D:6      | 4802 ||| RETREEEEATING.
  4803 | D:6      | 4803 ||| RETREEEEATING.
  4804 | D:6      | 4804 ||| RETREEEEATING.
  4805 | D:6      | 4805 ||| RETREEEEATING.
  4820 | D:6      | Reached * piety under Okawaru
  4822 | D:6      | HP: 7/41 [wight/+0 battleaxe (8)]
  4825 | D:6      | Slain by a wight

Levels and vault maps discovered:
D:1:      lemuel_arrival_cross, layout_rooms, serial_co_window_serial,
          co_window_paths_a, co_window_corner_a, co_window_corner_a,
          co_window_paths_b, co_window_paths_a, co_window_paths_a,
          co_window_paths_b, co_window_broadway_a, co_window_corner_cb,
          co_window_broadway_b, co_window_corner_ca, glass_columns_c,
          glass_columns_c
D:2:      layout_basic, basic_altar, shapermc_ecumenical_altar_mp_vishouse,
          uniq_jessica
D:3:      layout_rooms, mainiacjoe_overflow_concentric_impassable, uniq_sigmund
D:4:      layout_basic, abandoned_shop
D:5:      layout_basic, nicolae_qazlal_beasts_of_the_sky,
          minmay_temple_entry_water_ring, minmay_misc_feat_alley,
          nicolae_twisty_statue_hallways, uniq_crazy_yiuf_cottage
D:6:      nicolae_cairo_tiling, layout_gridville, mainiacjoe_overflow_alcove_1,
          kennysheep_little_box, kennysheep_mini
Temple:   nicolae_temple_no_exploring_needed

Skill      XL: |  1  2  3  4  5  6  7  8 |
---------------+-------------------------+-----
Ranged Weapons | 6 7 9 10 12 13 | 13.3
Dodging        | 4 5 |  5.1
Fighting       | 2 3 |  3.2
Stealth        | |  1.2

Action                     |  1- 3 |  4- 6 |  7- 9 || total
---------------------------+-------+-------+-------++-------
   Fire: Shortbow          |   102 |   154 |   241 ||   497
    Use: Potion            |     1 |     4 |     2 ||     7
         Scroll            |     1 |     2 |     4 ||     7
 Armour: Leather armour    |    22 |     6 |       ||    28
         Ring mail         |       |    16 |       ||    16
         Robe              |       |    28 |    90 ||   118
  Dodge: Dodged            |    25 |    36 |    85 ||   146

Table legend:
 A = Non-vault XP
 B = Vault XP
 C = Vault XP percentage of total XP
 D = Non-vault monster count
 E = Vault monster count
 F = Vault count percentage of total count
                 A         B        C        D         E       F
            +---------+---------+-------+---------+---------+-------
      Total |    1870 |     376 |  16.7 |      99 |       3 |   2.9
            +---------+---------+-------+---------+---------+-------
        D:1 |      25 |       0 |   0.0 |      16 |       0 |   0.0
        D:2 |      61 |      37 |  37.8 |      20 |       1 |   4.8
        D:3 |      66 |     206 |  75.7 |      16 |       1 |   5.9
        D:4 |     469 |       0 |   0.0 |      23 |       0 |   0.0
        D:5 |     847 |     133 |  13.6 |      16 |       1 |   5.9
        D:6 |     402 |       0 |   0.0 |       8 |       0 |   0.0
            +---------+---------+-------+---------+---------+-------
